 Dungeon Crawl Stone Soup version 0.20.1-1-g8b1a95d (webtiles) character file.

514 tidbits the Insei (level 6, -2/51 HPs)
             Began as a Demigod Transmuter on Aug 19, 2017.
             Slain by Edmund
             ... wielding a +6 flail of holy wrath
              (12 damage)
             ... on level 5 of the Dungeon.
             The game lasted 00:15:04 (1678 turns).

tidbits the Insei (Demigod Transmuter)              Turns: 1678, Time: 00:15:05

Health: -2/51      AC:  3    Str: 13    XL:     6   Next: 67%
Magic:  3/13       EV: 12    Int: 21    God:
Gold:   155        SH:  0    Dex: 16    Spells: 4/10 levels left

rFire    . . .     SeeInvis .   g - +2 dagger (venom)
rCold    . . .     Gourm    .   (no shield)
rNeg     . . .     Faith    .   B - +0 robe
rPois    .         Spirit   .   (no helmet)
rElec    .         Reflect  .   (no cloak)
rCorr    .         Harm     .   G - +0 pair of gloves
MR       .....                  (no boots)
Stlth    +.........             (no amulet)
Regen    0.2/turn               (no ring)
MPRegen  0.2/turn               (no ring)

@: very slightly contaminated, drained
A: high mp 1
a: no special abilities


You were on level 5 of the Dungeon.
You were not hungry.

You visited 1 branch of the dungeon, and saw 5 of its levels.

You collected 155 gold pieces.

Inventory:

Hand Weapons
 g - a +2 dagger of venom (weapon)
   (You took it off a goblin on level 1 of the Dungeon)
Missiles
 a - 8 arrows
 h - 6 tomahawks (quivered)
 i - 7 curare-tipped needles
Armour
 B - a +0 robe (worn)
 G - a +0 pair of gloves (worn)
Scrolls
 b - a scroll of remove curse {unknown}
 e - 2 scrolls of recharging
 f - a scroll of fog {unknown}
 k - a scroll of immolation {unknown}
 n - a scroll of blinking {unknown}
 p - a scroll of fear {unknown}
Potions
 m - a potion of heal wounds {unknown}
 o - a potion of brilliance {unknown}
Books
 c - a book of Changes

   Spells                             Type                      Level
   a - Beastly Appendage              Transmutation                1
   b - Sticks to Snakes               Transmutation                2
   c - Spider Form                    Transmutation/Poison         3
   d - Ice Form                       Ice/Transmutation            4
   e - Blade Hands                    Transmutation                5
Comestibles
 d - 3 bread rations
 j - 2 chunks of flesh
 l - a royal jelly


   Skills:
 - Level 3.5(2.9) Fighting
 - Level 1.7(1.1) Dodging
 + Level 5.1(4.5) Unarmed Combat
 - Level 2.6(2.0) Spellcasting
 + Level 3.1(2.5) Transmutations


You had 4 spell levels left.
You knew the following spells:

 Your Spells              Type           Power        Failure   Level  Hunger
e - Beastly Appendage     Tmut           ##....       5%          1    #......
k - Sticks to Snakes      Tmut           ##......     8%          2    ##.....
p - Spider Form           Tmut/Pois      #.........   26%         3    ###....


Dungeon Overview and Level Annotations

Branches:
Dungeon (5/15)
 Temple: D:4-7

Annotations:
D:5 Edmund


Innate Abilities, Weirdness & Mutations

You have an increased reservoir of magic. (+10% MP)


Message History

There is a stone staircase leading up here.
You climb upwards.
There is a stone staircase leading down here.
Some of the chunks of flesh in your inventory have rotted away.
A giant cockroach comes into view.
The giant cockroach waves its antennae.
Casting: Spider Form
Confirm with . or Enter, or press ? or * to list all spells.
You turn into a venomous arachnid creature.
Your +2 dagger of venom melds into your body.
Your +0 pair of gloves melds into your body.
Your +0 robe melds into your body.
Your +2 dagger of venom stops dripping with poison.
You bite the giant cockroach!
You kill the giant cockroach!
You see here a giant cockroach corpse.
You butcher the giant cockroach corpse.
j - 4 chunks of flesh (gained 2)
Your transformation is almost over.
You are feeling hungry.
Your transformation has ended.
Your +2 dagger of venom unmelds from your body.
Your +0 pair of gloves unmelds from your body.
Your +0 robe unmelds from your body.
Your +2 dagger of venom begins to drip with poison!
Eat one of 4 chunks of flesh? (ye/n/q)
You eat one of the 4 chunks of flesh.
This raw flesh tastes terrible.
There is a stone staircase leading down here.
You climb downwards.
There is a stone staircase leading up here.
You see here a leather armour.
There is a stone staircase leading down here.
You climb downwards.
Found 8 gold pieces.
Found a stone staircase leading down.
There is a stone staircase leading up here.
A centaur zombie comes into view.
Found a smoky ruby potion and 15 gold pieces.
Casting: Spider Form
Confirm with . or Enter, or press ? or * to list all spells.
You turn into a venomous arachnid creature.
Your +2 dagger of venom melds into your body.
Your +0 pair of gloves melds into your body.
Your +0 robe melds into your body.
Your +2 dagger of venom stops dripping with poison.
Casting: Spider Form
Confirm with . or Enter, or press ? or * to list all spells.
You create a snake!
You now have 10 arrows.
Your transformation is almost over.
The centaur zombie hits you!
* * * LOW HITPOINT WARNING * * *
You barely miss the centaur zombie. The centaur zombie hits you.
* * * LOW HITPOINT WARNING * * *
You bite the centaur zombie!
The centaur zombie is moderately damaged.
Your adder bites the centaur zombie.
The centaur zombie closely misses you.
You hit the centaur zombie.
The centaur zombie is heavily damaged.
Your adder bites the centaur zombie.
The centaur zombie hits you.
* * * LOW HITPOINT WARNING * * *
You hit the centaur zombie.
The centaur zombie is severely damaged.
Your adder bites the centaur zombie.
The centaur zombie misses you.
You bite the centaur zombie!
The centaur zombie is almost destroyed.
Your adder bites the centaur zombie.
The centaur zombie is destroyed!
Your adder looks stronger.
You swap places.
Edmund the Younger comes into view.
He is wielding a flail of holy wrath.
Casting: Sticks to Snakes
Confirm with . or Enter, or press ? or * to list all spells.
You create a snake!
You now have 9 arrows.
Edmund shouts!
Edmund hits your ball python with a flail of holy wrath!
Your ball python dies!
You swap places.
Edmund completely misses you.
Your transformation has ended.
Your +2 dagger of venom unmelds from your body.
Your +0 pair of gloves unmelds from your body.
Your +0 robe unmelds from your body.
Your +2 dagger of venom begins to drip with poison!
Some of the chunks of flesh in your inventory have rotted away.
Casting: Sticks to Snakes
Confirm with . or Enter, or press ? or * to list all spells.
You miscast Spider Form.
You are very lightly contaminated with residual magic.
You feel slightly ill.
Your adder bites Edmund but does no damage.
Edmund hits you with a flail of holy wrath!
* * * LOW HITPOINT WARNING * * *
Your adder barely misses Edmund.
Okay, then.
Your adder bites Edmund but does no damage.
Edmund says, "I'm quite good with sums, too."
Your adder bites Edmund but does no damage.
Casting: Spider Form
Confirm with . or Enter, or press ? or * to list all spells.
You create a snake!
You now have 8 arrows.
Edmund hits you with a flail of holy wrath!
You die...

. .# ###.# #...#
#<#
##+######.#######
#...S...>.......#
#.$!###.#####..
#...@@S.$...#
#..####.###.# #.
#.# .. #.# .. #.#
#. #.. # ###


You could see Edmund, a friendly adder and a friendly ball python.

Vanquished Creatures
  Sigmund (D:2)
  An ogre (D:4)
  A scorpion (D:4)
  2 wights (D:4)
  A hound (D:4)
  A bullfrog skeleton (D:4)
  Natasha (twice) (D:2)
  A worker ant (D:4)
  3 adders
  2 worms (D:2)
  A dart slug (D:2)
  3 leopard geckos
  3 orcs
  A ball python (D:2)
  6 giant cockroaches
  4 goblins
  3 hobgoblins
  4 kobolds
  A quokka (D:2)
  A bat (D:1)
  2 frilled lizards
  A quokka zombie (D:3)
  4 rats
49 creatures vanquished.

Vanquished Creatures (collateral kills)
  A centaur zombie (D:5)
  A bullfrog skeleton (D:4)
  A goblin (D:2)
  A hobgoblin (D:2)
4 creatures vanquished.

Grand Total: 53 creatures vanquished

Notes
Turn   | Place    | Note
-------+----------+-------------------------------------------
     0 | D:1      | tidbits the Demigod Transmuter began the quest for the Orb.
     0 | D:1      | Reached XP level 1. HP: 15/15 MP: 5/5
    87 | D:2      | Reached skill level 2 in Spellcasting
    87 | D:2      | Reached skill level 2 in Transmutations
   192 | D:3      | Reached XP level 2. HP: 22/22 MP: 5/7
   303 | D:2      | Noticed Natasha
   312 | D:2      | Killed Natasha
   312 | D:2      | Reached XP level 3. HP: 16/27 MP: 7/9
   316 | D:2      | Learned a level 2 spell: Sticks to Snakes
   320 | D:2      | Learned a level 3 spell: Spider Form
   375 | D:2      | Reached skill level 1 in Fighting
   512 | D:2      | Noticed Natasha
   516 | D:2      | Noticed Sigmund
   522 | D:2      | Killed Natasha
   522 | D:2      | Reached skill level 2 in Fighting
   550 | D:2      | Killed Sigmund
   550 | D:2      | Reached skill level 3 in Fighting
   550 | D:2      | Reached XP level 4. HP: 13/38 MP: 2/10
   550 | D:2      | Reached XP level 5. HP: 15/45 MP: 2/11
   833 | D:3      | Reached skill level 3 in Unarmed Combat
  1000 | D:4      | Noticed an ogre
  1151 | D:4      | Killed an ogre
  1151 | D:4      | Reached skill level 4 in Unarmed Combat
  1151 | D:4      | Reached XP level 6. HP: 26/51 MP: 10/13
  1472 | D:4      | Reached skill level 5 in Unarmed Combat
  1489 | D:4      | Reached skill level 3 in Transmutations
  1659 | D:5      | Entered Level 5 of the Dungeon
  1669 | D:5      | Noticed Edmund
  1678 | D:5      | Slain by Edmund

Skill      XL: |  1  2  3  4  5  6 |
---------------+-------------------+-----
Spellcasting   | 2 |  2.6
Transmutations | 2 3 |  3.1
Fighting       | 3 |  3.5
Unarmed Combat | 4 5 |  5.1
Dodging        | |  1.7

Action                   |  1- 3 |  4- 6 || total
-------------------------+-------+-------++-------
Melee: Dagger            |    44 |    35 ||    79
       Kick              |     5 |     2 ||     7
       Unarmed           |     1 |    45 ||    46
       Headbutt          |     1 |       ||     1
       Punch             |       |     2 ||     2
 Cast: Beastly Appendage |     8 |     4 ||    12
       Sticks to Snakes  |     6 |    13 ||    19
       Spider Form       |       |     8 ||     8
  Use: Potion            |     2 |     1 ||     3
       Scroll            |       |     1 ||     1
 Stab: Sleeping          |     1 |     1 ||     2
  Eat: Chunk             |       |     3 ||     3
       Royal jelly       |       |     1 ||     1
Armor: Robe              |     6 |     6 ||    12
       Skin              |    12 |     2 ||    14
Dodge: Dodged            |    25 |    55 ||    80

Table legend:
 A = Turns spent in this place as a percentage of turns spent in the entire game.
 B = Non-inter-level travel turns spent in this place as a percentage of non-inter-level travel turns spent in the entire game.
 C = Inter-level travel turns spent in this place as a percentage of turns spent in this place.
 D = Turns resting spent in this place as a percentage of non-inter-level travel turns spent in this place.
 E = Turns spent auto-exploring this place as a percentage of non-inter-level travel turns spent in this place.
 F = Non-inter-level travel turns spent in this place divided by the number of levels of this place that you've seen.
                   A       B       C       D       E      F
               +-------+-------+-------+-------+-------+----------------------
         Total | 100.0 | 100.0 |   0.2 |   0.0 |   0.0 | 312.2
       Dungeon | 100.0 | 100.0 |   0.2 |   0.0 |   0.0 | 312.2
               +-------+-------+-------+-------+-------+----------------------

Table legend:
 A = Kills in this place as a percentage of kills in entire the game.
 B = Kills by you in this place as a percentage of kills by you in the entire game.
 C = Kills by friends in this place as a percentage of kills by friends in the entire game.
 D = Other kills in this place as a percentage of other kills in the entire game.
 E = Experience gained in this place as a percentage of experience gained in the entire game.
 F = Experience gained in this place divided by the number of levels of this place that you have seen.
                   A       B       C       D       E      F
               +-------+-------+-------+-------+-------+----------------------
         Total | 100.0 | 100.0 | 100.0 |  -nan | 100.0 | 147.0
       Dungeon | 100.0 | 100.0 | 100.0 |  -nan | 100.0 | 147.0
               +-------+-------+-------+-------+-------+----------------------

Vault maps used:
D:1:      denvon_arrival_planthouse, chequers_big_river
D:2:      first_bread, uniq_sigmund, uniq_natasha
D:4:      old_forge
D:5:      grunt_decor_resistance, minmay_fountain_box,
          nicolae_dithmenos_through_a_glass_darkly, uniq_prince_ribbit1,
          uniq_edmund, uniq_pikel
